 Dungeon Crawl Stone Soup version 0.29-a0-371-g91724d5b39 (webtiles) character file.

Game seed: 7385524334847822922

0 psuckher the Sneak (level 1, -6/16 HPs)
             Began as an Octopode Delver on May 2, 2022.
             Mangled by an iguana (13 damage)
             ... on level 5 of the Dungeon.
             The game lasted 00:00:19 (47 turns).

psuckher the Sneak (Octopode Delver)                  Turns: 47, Time: 00:00:20

Health: -6/16      AC:  1    Str: 11    XL:     1   Next: 0%
Magic:  1/1        EV: 13    Int: 12    God:
Gold:   0          SH:  0    Dex: 13    Spells: 0/0 levels left

rFire   . . .      SeeInvis .   h - +0 morningstar
rCold   . . .      Faith    .   (no shield)
rNeg    . . .      Spirit   .   (helmet restricted)
rPois   .          Reflect  .   (no amulet)
rElec   .          Harm     .   (no ring)
rCorr   .          Rampage  .   (no ring)
Will    .....                   (no ring)
Stlth   ++++......              (no ring)
HPRegen 0.05/turn               (no ring)
MPRegen 0.07/turn               (no ring)
                                (no ring)
                                (no ring)

@: no status effects
A: almost no armour, amphibious, 8 rings, camouflage 1, gelatinous body 1,
(nimble swimmer 1), tentacles
a: no special abilities


You were on level 5 of the Dungeon.
You visited 1 branch of the dungeon, and saw 1 of its levels.

Inventory:

Hand Weapons
 a - a +0 hand axe
 h - a +0 morningstar (weapon)
Wands
 f - a wand of digging (3)
Scrolls
 b - a scroll of fog
 c - a scroll of magic mapping
 d - a scroll of fear
Potions
 e - a potion of haste
 g - a potion of attraction {unknown}


   Skills:
 + Level 3.0 Fighting
 + Level 2.0 Axes
 + Level 2.0 Dodging
 + Level 6.6 Stealth


You couldn't memorise any spells.
You didn't know any spells.
Your spell library was empty.

Dungeon Overview and Level Annotations

Branches:
Dungeon (5/15)
 Temple: D:4-7

Altars:


Innate Abilities, Weirdness & Mutations

You cannot wear most types of armour.
You are amphibious.
You can wear up to eight rings at the same time.
Your skin changes colour to match your surroundings (Stealth+).
Your rubbery body absorbs attacks. (AC +1, EV +1)
((You are camouflaged when in or above water. (Stealth+)))
You have tentacles for arms and can constrict up to eight enemies at once.


Message History

Welcome, psuckher the Octopode Delver.
The sublime Orb of Zot lies far below, as if waiting for you to find it.
Press ? for a list of commands and other information.
Found a blue potion and 18 stones.
Found an escape hatch in the floor.
Found a stone staircase leading down.
g - a blue potion
Found a morningstar.
You see here a +0 morningstar.
h - a +0 morningstar
h - a +0 morningstar (weapon)
An iguana comes into view.
Found 20 gold pieces.
An adder comes into view.
The adder hisses angrily.
The iguana hisses angrily.
The adder barely misses you. The adder bites you.
You closely miss the adder. You grab the adder. You squeeze the adder!
The adder is severely wounded.
You constrict the adder. The adder closely misses you. x2
You puncture the adder!
You kill the adder!
The iguana bites you. The iguana bites you!
Ouch! That really hurt!
You die...

##..........
#.......... .#.......
#.......... #...#....
#....>....###..#.....
##...#....###...$.....
#....##..###..........
#....# ####...........
#...## ##...†l.......
#...# ##....@........
##...# ##..#...........
#....###..###..........
#....##..## #..........
#........# ##.........
#........# ###.......
#........## #......
..........# ##....
#####.....#


You could see an iguana.

Vanquished Creatures
  An adder (D:5)
1 creature vanquished.

Notes
Turn   | Place    | Note
-------+----------+-------------------------------------------
     0 | D:5      | psuckher the Octopode Delver began the quest for the Orb.
     0 | D:5      | Reached XP level 1. HP: 16/16 MP: 1/1
    37 | D:5      | Noticed an iguana
    47 | D:5      | Mangled by an iguana

Illustrated notes

Levels and vault maps discovered:
D:5:      layout_cave_pods, general_overflow_altar

Action                   || total
-------------------------++-------
Melee: Morningstar       ||     2
       Constrict         ||     1
       Tentacles         ||     1
Dodge: Dodged            ||     3

Table legend: (Time is in decaauts)
 A = Elapsed time spent in this place.
 B = Non-inter-level travel time spent in this place.
 C = Inter-level travel time spent in this place.
 D = Time resting spent in this place.
 E = Time spent auto-exploring this place.
 F = Levels seen in this place.
 G = Mean time per level.
                   A        B        C        D        E       F      G
               +--------+--------+--------+--------+--------+-----+--------+
         Total |     46 |     46 |      0 |      0 |     14 |   1 |   46.0 |
       Dungeon |     46 |     46 |      0 |      0 |     14 |   1 |   46.0 |
               +--------+--------+--------+--------+--------+-----+--------+

Top non-repeatable levels by time:
     D:5: 46 daAuts
